 Dungeon Crawl Stone Soup version 0.29-a0-284-gf9362112df (webtiles) character file.

Game seed: 14151844475936877659

23 siradein the Grave Robber (level 2, 0/20 HPs)
             Began as a Vampire Necromancer on Mar 23, 2022.
             Slain by Terence
             ... wielding a +0 mace
              (6 damage)
             ... on level 2 of the Dungeon.
             The game lasted 00:01:29 (768 turns).

siradein the Grave Robber (Vampire Necromancer)      Turns: 768, Time: 00:01:30

Health: 0/20       AC: 12    Str:  7    XL:     2   Next: 75%
Magic:  5/5        EV:  7    Int: 17    God:
Gold:   67         SH:  0    Dex: 14    Spells: 4/5 levels left

rFire   . . .      SeeInvis +   f - +0 spear
rCold   + . .      Faith    .   (no shield)
rNeg    . . .      Spirit   .   c - +2 scale mail {rC+}
rPois   .          Reflect  .   (no helmet)
rElec   .          Harm     .   (no cloak)
rCorr   .          Rampage  .   (no gloves)
Will    .....                   (no boots)
Stlth   +.........              (no amulet)
HPRegen 0.26/turn               e - +4 ring of protection
MPRegen 0.09/turn               (no ring)

@: healing quickly
A: alive, fangs 3, see invisible, vampiric 1
a: Exsanguinate


You were on level 2 of the Dungeon.
You visited 1 branch of the dungeon, and saw 2 of its levels.

You collected 67 gold pieces.

Inventory:

Hand Weapons
 f - a +0 spear (weapon)
Armour
 c - a +2 scale mail of cold resistance (worn)
Jewellery
 e - a +4 ring of protection (left hand)
Scrolls
 a - a scroll of fear {unknown}
 d - a scroll of silence {unknown}
Potions
 b - a potion of magic


   Skills:
 + Level 0.6 Fighting
 + Level 0.1 Polearms
 + Level 0.5 Armour
 + Level 2.4 Dodging
 - Level 3.0 Stealth
 + Level 2.1 Spellcasting
 * Level 4.7 Necromancy


You had 4 spell levels left.
You knew the following spells:

 Your Spells              Type           Power      Damage    Failure   Level
a - Pain                  Necr           72%        1d7       34%         1

Your spell library contained the following spells:

 Spells                   Type           Power      Damage    Failure   Level
 Animate Skeleton         Necr           36%        N/A       34%         1
 Vampiric Draining        Necr           18%        2d7       71%         3
 Sandblast                Erth           2%         2d4       94%         1
 Animate Dead             Necr           9%         N/A       98%         4
 Agony                    Necr           18%        N/A       100%        5


Dungeon Overview and Level Annotations

Branches:
Dungeon (2/15)

Altars:

Annotations:
D:2 Terence


Innate Abilities, Weirdness & Mutations

Your natural rate of healing is accelerated.
You have razor-sharp teeth.
You have supernaturally acute eyesight. (SInv)
You are afflicted with vampirism.


Message History

An endoplasm is nearby!
An endoplasm is nearby!
You reach to attack!
You hit the endoplasm.
The endoplasm is heavily wounded.
You hit the endoplasm.
You kill the endoplasm!
No target in view!
No target in view!
A hobgoblin comes into view.
The hobgoblin shouts!
A hobgoblin is nearby!
A hobgoblin is nearby!
A hobgoblin is nearby!
You reach to attack!
You hit the hobgoblin.
You kill the hobgoblin!
No target in view!
No target in view!
Found a hand axe.
You see here a hobgoblin corpse.
You now have 67 gold pieces (gained 8).
Terence the Incautious comes into view.
He is wielding a +0 mace.
Terence is nearby!
Terence is nearby!
Terence is nearby!
You hit Terence but do no damage. You bite Terence, but do no damage.
Terence completely misses you.
You barely miss Terence. You bite Terence, but do no damage.
Terence hits you with a +0 mace!
You hit Terence but do no damage. Terence hits you with a +0 mace.
Terence hits you but does no damage.
You closely miss Terence. Terence hits you with a +0 mace.
Terence attacks as you move away! Terence hits you with a +0 mace.
* * * LOW HITPOINT WARNING * * *
Terence barely misses you. Terence attacks as you move away!
Terence hits you but does no damage. Terence attacks as you move away!
Terence barely misses you. Terence attacks as you move away!
Terence hits you with a +0 mace.
* * * LOW HITPOINT WARNING * * *
Terence attacks as you move away! Terence hits you with a +0 mace.
You die...

## #.# #†#
####.###.#
.........#
.........#
.........##
....)#....#
######....#
#....# #.@..#
#..@.##
###...#
#########.#.#
#.........#.#
#.######..#.#
#.# #..#.#
#.# #..#.#
#.#.####..#.#


You could see Terence.

Vanquished Creatures
  2 dart slugs (D:1)
  2 bats (D:1)
  4 endoplasms
  A goblin (D:2)
  3 hobgoblins
  2 kobolds (D:1)
  A ball python (D:1)
  A frilled lizard (D:1)
  A rat (D:1)
17 creatures vanquished.

Notes
Turn   | Place    | Note
-------+----------+-------------------------------------------
     0 | D:1      | siradein the Vampire Necromancer began the quest for the
                  | Orb.
     0 | D:1      | Reached XP level 1. HP: 13/13 MP: 3/3
   184 | D:1      | Found a faded altar of an unknown god.
   217 | D:1      | Got Plato's Catalogue of the Rocks
   235 | D:1      | Reached XP level 2. HP: 20/20 MP: 5/5
   628 | D:1      | You fall into a shaft and drop 1 floor!
   749 | D:2      | Noticed Terence
   768 | D:2      | Slain by Terence

Illustrated notes

Levels and vault maps discovered:
D:1:      enne_arrival_octagon_isle, layout_basic,
          shapermc_ecumenical_altar_rom_forum
D:2:      layout_basic, uniq_terence, uniq_sigmund

Action                   || total
-------------------------++-------
Melee: Dagger            ||    24
       Unarmed           ||    14
       Bite              ||     6
       Spear             ||    44
       Punch             ||     1
Armor: Scale mail        ||    43
Dodge: Dodged            ||    27

Table legend: (Time is in decaauts)
 A = Elapsed time spent in this place.
 B = Non-inter-level travel time spent in this place.
 C = Inter-level travel time spent in this place.
 D = Time resting spent in this place.
 E = Time spent auto-exploring this place.
 F = Levels seen in this place.
 G = Mean time per level.
                   A        B        C        D        E       F      G
               +--------+--------+--------+--------+--------+-----+--------+
         Total |    771 |    771 |      0 |      0 |    546 |   2 |  385.5 |
       Dungeon |    771 |    771 |      0 |      0 |    546 |   2 |  385.5 |
               +--------+--------+--------+--------+--------+-----+--------+

Top non-repeatable levels by time:
     D:1: 630 daAuts
     D:2: 140 daAuts
